 Dungeon Crawl Stone Soup version 0.17-a0-2122-g03d97ec (webtiles) character file.

29012 brucemayne the Severer (level 13, 0/99 HPs)
             Began as a Demonspawn Berserker on Oct 21, 2015.
             Was a High Priest of Trog.
             Shot with a poisoned arrow by Nessos (13 damage)
             ... on level 5 of the Lair of Beasts.
             The game lasted 00:37:35 (6790 turns).

brucemayne the Severer (Demonspawn Berserker)       Turns: 6790, Time: 00:37:35

Health: 0/99       AC: 25    Str: 21    XL:     13   Next: 12%
Magic:  6/13       EV:  7    Int: 10    God:    Trog [*****.]
Gold:   464        SH:  2    Dex: 13    Spells: 0 memorised, 12 levels left

rFire  . . .     SeeInvis .     d - +1 battleaxe (venom)
rCold  . . .     Clarity  .     s - +3 plate armour {rPois}
rNeg   . . .     SustAt   .     (no shield)
rPois  +         Gourm    .     u - +2 hat
rElec  .         Spirit   .     w - +2 cloak
rCorr  .         Warding  .     (no gloves)
rMut   .         Stasis   .     y - +1 pair of boots {Stlth+}
MR     ++...                    e - amulet of faith
Stlth  ..........               (no ring)
                                (no ring)

@: lethally poisoned (0 -> -1), very slightly contaminated, regenerating,
invisible, very resistant to hostile enchantments, extremely unstealthy
A: horns 2, large bone plates 1, demonic guardian 2, nightstalker 2
a: Berserk, Trog's Hand, Brothers in Arms, Burn Spellbooks, Renounce Religion


You were on level 5 of the Lair of Beasts.
You worshipped Trog.
Trog was extremely pleased with you.
You were hungry.

You visited 3 branches of the dungeon, and saw 24 of its levels.

You collected 1508 gold pieces.
You spent 1044 gold pieces at shops.

Inventory:

Hand Weapons
 d - a +1 battleaxe of venom (weapon)
 m - a +0 blowgun
 E - a +2 battleaxe of flaming
 M - a +7 antimagic battleaxe
 Q - a +3 executioner's axe of venom
Missiles
 q - 6 poisoned needles
 H - 7 tomahawks of returning (quivered)
 O - 11 curare-tipped needles
 P - 3 needles of sleeping
Armour
 g - a +0 plate armour
 s - a +3 plate armour of poison resistance (worn)
 u - a +2 hat (worn)
 w - a +2 cloak (worn)
 x - a +0 shield
 y - a +1 pair of boots of stealth (worn)
Rods
 t - a +6 rod of the swarm (9/9)
   (You found it on level 8 of the Lair of Beasts)
Jewellery
 e - an amulet of faith (around neck)
Wands
 k - a wand of slowing (24)
 B - a wand of lightning (3)
 G - a wand of confusion (0)
 I - a wand of random effects (17)
 N - a wand of invisibility (0)
 R - a wand of frost (23)
Scrolls
 b - 2 scrolls of fog
 f - 7 scrolls of remove curse
 i - 3 scrolls of identify
 l - a scroll of immolation
 o - 3 scrolls of recharging
 r - a scroll of enchant weapon
 C - 6 scrolls of teleportation
Potions
 h - a potion of agility
 j - a potion of cure mutation
 n - 3 potions of lignification
 p - 3 potions of haste
 v - a potion of flight {unknown}
 z - 2 potions of might
 F - a potion of brilliance {unknown}
 K - a potion of degeneration {unknown}
Miscellaneous
 J - a legendary deck of defence
Comestibles
 a - 2 slices of pizza
 c - 4 bread rations
 A - 4 meat rations
 D - 4 fruits


   Skills:
 + Level 8.4 Fighting
 + Level 17.6 Axes
 - Level 5.5 Armour
 - Level 1.7 Dodging


You had 12 spell levels left.
You didn't know any spells.

Dungeon Overview and Level Annotations

Branches:
Dungeon (12/15)              Lair (8/8) D:11          Slime (0/6) Lair:8
    Orc (4/4) D:11            Elf (0/3) Orc:4
 Temple: D:4-7        Swamp: Lair:3-6    Shoals: Lair:3-6     Snake: Lair:3-6
 Spider: Lair:3-6

Altars:
Elyvilon
Fedhas
Makhleb
Zin
Beogh
Jiyva

Shops:
Orc:4 ?*:![(

Portals:
Hell: Lair:8

Annotations:
Lair:5 Nessos


Innate Abilities, Weirdness & Mutations

You have a pair of horns on your head.
You are partially covered in large bone plates (AC +2, SH +2).
A demonic guardian rushes to your aid.
You are significantly more attuned to the shadows.


Message History

Nessos shoots a poisoned arrow.
The poisoned arrow hits you.
* * * LOW HITPOINT WARNING * * *
The poisoned arrow burns you.
* * * LOW HITPOINT WARNING * * *
You are lethally poisoned!
Unknown command.
Drink which item? (? for menu, Esc to quit)
It was a potion of cure mutation.
It has a very clean taste.
* * * LOW HITPOINT WARNING * * *
You feel sick.
Nessos shoots a poisoned arrow.
The poisoned arrow barely misses you.
Drink which item? (? for menu, Esc to quit)
Okay, then.
Use which ability?
Your skin crawls.
You feel resistant to hostile enchantments.
You are feeling hungry.
You feel the effects of Trog's Hand fading.
You feel sick.
Nessos shoots a poisoned arrow.
The poisoned arrow hits you!
You die...

.....P..#. .# .#.....P.
#.##.......P
...(......##P
............... ....
.......(........ .....
.......@(......?........
........>...............
.........c..............
......PP.......รท
.......
###.#P........c####.....
#.#..........(.#.##P...
.....##.......#(...#....
#.... #......#(.FF(.....
..... #.......#.rY......


You could see Nessos.

Vanquished Creatures
  The ghost of M4edhros the Green Death, a journeyman OpAr of Fedhas (Lair:7)
  A dire elephant (Lair:8)
  A sun demon (Lair:8)
  The ghost of brucemayne the Cleaver, a novice DsBe of Trog (D:11)
  A wizard (Lair:8)
  A hill giant (D:11)
  An orc sorcerer (Orc:3)
  A lindwurm (Lair:5)
  An orc knight (Orc:2)
  2 ugly things (D:11)
  A cyclops (Orc:4)
  8 elephants
  3 black mambas
  Psyche (D:9)
  A smoke demon (Lair:8)
  3 spiny frogs
  3 komodo dragons
  A centaur skeleton (D:10)
  5 orange demons (Lair:8)
  A blue devil (Lair:8)
  A troll (Orc:3)
  A two-headed ogre (D:11)
  3 red devils (Lair:8)
  A hellwing (Lair:8)
  Prince Ribbit (D:5)
  A fire drake (Lair:8)
  A blink frog (Lair:5)
  A trapdoor spider (D:11)
  A deep elf mage (D:11)
  2 hippogriffs (Lair:8)
  17 yaks
  A wyvern (D:11)
  3 basilisks
  4 wargs
  8 water moccasins
  4 wolves (Lair:7)
  6 porcupines
  A hell hound (Lair:8)
  3 ice beasts
  A sky beast (D:10)
  A phantom (D:11)
  11 orc warriors
  2 big kobolds
  8 crocodiles
  2 giant frogs (D:11)
  A scorpion (D:11)
  7 killer bees
  An electric eel (Lair:6)
  3 jellies
  A giant frog zombie (D:6)
  14 orc priests
  Crazy Yiuf (D:4)
  3 hounds (D:4)
  A quasit (D:8)
  10 worker ants
  2 iguanas
  25 orc wizards
  5 sheep (D:11)
  A hound skeleton (D:6)
  25 river rats
  A worker ant zombie (D:6)
  4 adders
  2 shadow imps (D:11)
  An adder zombie (D:7)
  An adder skeleton (D:4)
  A worm (D:2)
  4 giant geckos
  76 orcs
  A ball python (D:7)
  7 bats
  A giant cockroach (D:6)
  4 hobgoblins
  5 jackals
  18 kobolds
  2 quokkas
  2 giant newts
  4 goblins
  7 rats
  2 fungi
  8 plants
374 creatures vanquished.

Vanquished Creatures (collateral kills)
  A hydra (Lair:8)
  An orc high priest (Orc:4)
  4 orc sorcerers (Orc:4)
  4 elephants (Lair:5)
  A yak (Lair:8)
  4 orc warriors (Orc:4)
  A killer bee (D:11)
  7 orc priests (Orc:4)
  7 orc wizards (Orc:4)
  7 orcs
  A kobold (D:11)
38 creatures vanquished.

Vanquished Creatures (others)
  4 fungi (Lair:8)
  A plant (Lair:8)
5 creatures vanquished.

Grand Total: 417 creatures vanquished

Notes
Turn   | Place    | Note
--------------------------------------------------------------
     0 | D:1      | brucemayne the Demonspawn Berserker began the quest for the Orb.
     0 | D:1      | Reached XP level 1. HP: 18/18 MP: 1/1
   206 | D:2      | Gained mutation: You have a pair of small horns on your head. [demonic ancestry]
   206 | D:2      | Reached XP level 2. HP: 17/24 MP: 2/2
   321 | D:2      | Reached ** piety under Trog
   360 | D:1      | Reached XP level 3. HP: 16/29 MP: 3/3
   455 | D:2      | Reached skill level 4 in Axes
   625 | D:3      | Found a glowing silver altar of Zin.
   832 | D:4      | Gained mutation: A weak demonic guardian rushes to your aid. [demonic ancestry]
   832 | D:4      | Reached XP level 4. HP: 35/35 MP: 4/4
   915 | D:4      | Reached skill level 5 in Axes
   986 | D:4      | Reached XP level 5. HP: 37/41 MP: 5/5
   992 | D:4      | Reached *** piety under Trog
  1017 | D:4      | Noticed Crazy Yiuf
  1030 | D:4      | Killed Crazy Yiuf
  1105 | D:5      | Entered Level 5 of the Dungeon
  1120 | D:5      | Noticed Prince Ribbit
  1132 | D:5      | Killed Prince Ribbit
  1132 | D:5      | Reached skill level 6 in Axes
  1132 | D:5      | Gained mutation: You are partially covered in large bone plates (AC +2, SH +2). [demonic ancestry]
  1132 | D:5      | Reached XP level 6. HP: 24/47 MP: 6/6
  1367 | D:6      | Reached skill level 7 in Axes
  1389 | D:5      | Gained mutation: You are slightly more attuned to the shadows. [demonic ancestry]
  1389 | D:5      | Reached XP level 7. HP: 52/52 MP: 7/7
  1533 | D:7      | Reached skill level 8 in Axes
  2081 | D:8      | Found a white marble altar of Elyvilon.
  2153 | D:8      | Found a blossoming altar of Fedhas.
  2365 | D:8      | Reached skill level 9 in Axes
  2365 | D:8      | Reached XP level 8. HP: 58/58 MP: 8/8
  2555 | D:9      | Noticed Psyche
  2561 | D:9      | Killed Psyche
  2561 | D:9      | Reached **** piety under Trog
  2564 | D:9      | Reached skill level 10 in Axes
  2630 | D:10     | Entered Level 10 of the Dungeon
  2634 | D:10     | Noticed a centaur skeleton
  2646 | D:10     | Killed a centaur skeleton
  2765 | D:11     | Reached skill level 11 in Axes
  2765 | D:11     | Gained mutation: You have a pair of horns on your head. [demonic ancestry]
  2765 | D:11     | Reached XP level 9. HP: 63/63 MP: 9/9
  2796 | D:11     | Noticed a brown ugly thing
  2805 | D:11     | Killed a brown ugly thing
  2952 | D:11     | Noticed a hill giant
  2981 | D:11     | Killed a hill giant
  2981 | D:11     | Reached skill level 12 in Axes
  3038 | D:11     | Noticed a two-headed ogre
  3046 | D:11     | Killed a two-headed ogre
  3183 | D:11     | Noticed brucemayne's ghost (novice DsBe)
  3196 | D:11     | Killed brucemayne's ghost
  3196 | D:11     | Gained mutation: You are significantly more attuned to the shadows. [demonic ancestry]
  3196 | D:11     | Reached XP level 10. HP: 72/72 MP: 10/10
  3245 | D:11     | Noticed a white ugly thing
  3275 | D:11     | Killed a white ugly thing
  3275 | D:11     | Received a gift from Trog
  3275 | D:11     | Reached skill level 5 in Fighting
  3349 | D:11     | Found a staircase to the Orcish Mines.
  3361 | Orc:1    | Entered Level 1 of the Orcish Mines
  3463 | Orc:2    | Reached skill level 13 in Axes
  3512 | Orc:2    | Noticed an orc knight
  3545 | Orc:1    | Reached ***** piety under Trog
  3699 | Orc:2    | Killed an orc knight
  3699 | Orc:2    | Received a gift from Trog
  3702 | Orc:2    | Reached skill level 5 in Armour
  3779 | Orc:2    | Found a roughly hewn altar of Beogh.
  3908 | Orc:3    | Noticed an orc sorcerer
  3912 | Orc:3    | Paralysed by an orc sorcerer for 6 turns
  3922 | Orc:3    | Killed an orc sorcerer
  3998 | Orc:4    | Entered Level 4 of the Orcish Mines
  4016 | Orc:3    | Found a roughly hewn altar of Beogh.
  4074 | Orc:4    | Found Wihoptee's Magic Scroll Shoppe.
  4159 | Orc:4    | Bought a scroll of teleportation for 42 gold pieces
  4225 | Orc:4    | Found Eisuc's Eclectic Emporium.
  4247 | Orc:4    | Found a staircase to the Elven Halls.
  4367 | Orc:4    | Noticed a cyclops
  4386 | Orc:4    | Killed a cyclops
  4386 | Orc:4    | Reached XP level 11. HP: 15/81 MP: 11/11
  4536 | Orc:4    | Noticed an orc high priest
  4537 | Orc:4    | Killed an orc high priest
  4540 | Orc:4    | Noticed an orc sorcerer
  4542 | Orc:4    | Noticed an orc sorcerer
  4542 | Orc:4    | HP: 2/81 [orc priest/divine providence (11)]
  4544 | Orc:4    | Noticed an orc sorcerer
  4545 | Orc:4    | Killed an orc sorcerer
  4545 | Orc:4    | Reached skill level 14 in Axes
  4547 | Orc:4    | Killed an orc sorcerer
  4547 | Orc:4    | HP: 3/81 [orc sorcerer/bolt of fire (15)]
  4548 | Orc:4    | Received a gift from Trog
  4552 | Orc:4    | Noticed an orc sorcerer
  4555 | Orc:4    | Killed an orc sorcerer
  4556 | Orc:4    | Killed an orc sorcerer
  4632 | Orc:4    | Found Qeokimoh's Armour Emporium.
  4633 | Orc:4    | Found Toolu's Antique Weapon Emporium.
  4634 | Orc:4    | Found Muudol's Distillery.
  4637 | Orc:4    | Found Busitos's Book Shoppe.
  4674 | Orc:4    | Bought a +2 plate armour of poison resistance for 481 gold pieces
  4675 | Orc:4    | Bought a runed battleaxe for 221 gold pieces
  4676 | Orc:4    | Bought a potion of haste for 150 gold pieces
  4676 | Orc:4    | Bought a potion of haste for 150 gold pieces
  5072 | D:11     | Received a gift from Trog
  5197 | D:11     | Found a staircase to the Lair.
  5233 | Lair:1   | Entered Level 1 of the Lair of Beasts
  5372 | Lair:4   | Reached skill level 15 in Axes
  5386 | Lair:5   | Noticed a lindwurm
  5394 | Lair:5   | Killed a lindwurm
  5453 | Lair:5   | Noticed Nessos
  5676 | Lair:7   | Noticed M4edhros's ghost (journeyman OpAr)
  5687 | Lair:7   | Killed M4edhros's ghost
  5687 | Lair:7   | Reached XP level 12. HP: 88/88 MP: 12/12
  5794 | Lair:7   | Received a gift from Trog
  5805 | Lair:7   | Reached skill level 16 in Axes
  5823 | Lair:8   | Entered Level 8 of the Lair of Beasts
  5896 | Lair:8   | Found a viscous altar of Jiyva.
  5896 | Lair:8   | Found a staircase to the Slime Pits.
  6021 | Lair:8   | Received a gift from Trog
  6045 | Lair:8   | Reached skill level 17 in Axes
  6193 | Lair:8   | Noticed a four-headed hydra
  6198 | Lair:8   | Killed a two-headed hydra
  6285 | Lair:8   | Noticed a dire elephant
  6296 | Lair:8   | Killed a dire elephant
  6424 | Lair:8   | Found a burning altar of Makhleb.
  6537 | Lair:8   | Gained mutation: A demonic guardian rushes to your aid. [demonic ancestry]
  6537 | Lair:8   | Reached XP level 13. HP: 98/98 MP: 4/13
  6626 | Lair:8   | Found a gateway to Hell.
  6790 | Lair:5   | Shot with a poisoned arrow by Nessos

Vault maps used:
D:1:      elethiomel_arrival_quiet
D:2:      first_bread, ecumenical_altar_2
D:3:      lemuel_doored_altar, hangedman_feature_mirror
D:4:      uniq_robin, uniq_crazy_yiuf_cottage, uniq_pikel
D:5:      minmay_temple_entry_large_hall, lightli_corner_chamber,
          uniq_prince_ribbit1
D:6:      kennysheep_mini, uniq_blork_the_orc
D:8:      grunt_temple_overflow_opulence, kennysheep_mini_moat,
          hangedman_tree_tricks
D:9:      grunt_dithmenos_smoke, grunt_qazlal_sundering, uniq_psyche
D:10:     statuecave_lemuel, hangedman_decor_opposing, minmay_misc_feat_doors,
          uniq_nergalle
D:11:     minmay_lair_entry_grove, david_orc_1_choice, small_statue_intersection
Lair:3:   guppyfry_snake_entry_garden
Lair:4:   serial_bayou_shore_a, uniq_maud
Lair:5:   lemuel_old_faithful, uniq_nessos, uniq_rupert
Lair:6:   minmay_swamp_entry_wisps, beast_lair_carwin_5
Lair:7:   minivault_25
Lair:8:   evil_forest, slime_altar_1, serial_bayou_lagoon_a, grunt_megastairs_2
Orc:1:    serial_shops, shop_fountains
Orc:2:    basic_altar
Orc:3:    minmay_goldmine, basic_altar, nicolae_orc_pool_cavern
Orc:4:    st_orc_mages, serial_shops, shop, nicolae_alphabet_shops

Action                   |  1- 3 |  4- 6 |  7- 9 | 10-12 | 13-15 || total
-------------------------+-------+-------+-------+-------+-------++-------
Melee: Hand axe          |    99 |    86 |   107 |       |       ||   292
       War axe           |       |       |   181 |   127 |       ||   308
       Battleaxe         |       |       |       |   523 |    29 ||   552
Invok: Berserk           |     2 |     3 |     8 |     8 |     1 ||    22
       Trog's Hand       |       |     1 |     6 |    19 |     1 ||    27
       Brothers in Arms  |       |       |       |     2 |       ||     2
Evoke: Wand              |       |       |       |       |     5 ||     5
  Use: Scroll            |       |       |    10 |     8 |       ||    18
       Potion            |       |       |       |     8 |     1 ||     9
 Stab: Sleeping          |       |       |     1 |       |       ||     1
       Distracted        |       |       |     2 |     2 |     1 ||     5
  Eat: Chunk             |     1 |     5 |     5 |    20 |       ||    31
       Bread ration      |       |       |     1 |       |       ||     1
       Beef jerky        |       |       |     1 |       |       ||     1
       Fruit             |       |       |     5 |     6 |       ||    11
       Royal jelly       |       |       |       |       |     1 ||     1
